AoeStats
← The Crusader

African Clearing

505135127Analyzed
4v4 RM · 25d ago on Sep 8, 2026· 18m 2s· 8 players
Game mode
Random Map
Map size
Large (8 player)
Population
200
Speed
Normal
Resources
Standard
Victory
Conquest
Starting age
Dark Age
Ending age
Imperial Age
RankedLock teamsTeams togetherTeam positionsShared explorationLock speedFull tech treeHidden civsTurbo modeCheats
Victory
Defeat
🇺🇸 Chinese · United States
1581
+17
🇺🇸 Teutons · United States
1459
+22
🇺🇸 Dravidians · United States
1459
+22
🇺🇸 Malians · United States
1457
+22
🇨🇱 Aztecs · Chile
1637
-23
🇦🇷 Franks · Argentina
1606
-21
🇵🇪 Tupi · Peru
1566
-20
🇧🇷 Khitans · Brazil
1553
-19
GAX | Flanq
6:01 Loom
таҗик
5:47 Loom
12:58 Feudal Age
17:18 Castle Age
JAKU
9:58 Loom
12:02 Feudal Age
16:14 Castle Age
14:50 Double-Bit Axe
15:34 Gold Mining
LLaRLLi
6:09 Loom
12:28 Feudal Age
12:42 Man-at-Arms
13:08 Double-Bit Axe
17:05 Fletching
thegoodjunk
5:48 Loom
11:45 Feudal Age
12:00 Man-at-Arms
12:46 Double-Bit Axe
13:09 Horse Collar
The Crusader
12:34 Feudal Age
16:56 Castle Age
14:54 Double-Bit Axe
14:56 Horse Collar
15:07 Gold Mining
17:51 Loom
18:17 Bow Saw
ashleylynn
3:25 Loom
13:09 Feudal Age
14:02 Double-Bit Axe
15:10 Town Watch
20:08 Castle Age
BloMo
8:33 Loom
13:24 Feudal Age
14:01 Double-Bit Axe
Connection lost

Rejoining the realm…

Still unreachable

The connection could not be restored.

Session expired

The server has moved on; the page needs a fresh start.